 Dungeon Crawl Stone Soup version 0.28.0 (webtiles) character file.

Game seed: 8069160171277139285

71 Sanktem7 the Covered (level 4, 0/40 HPs)
             Began as a Minotaur Fighter on Feb 9, 2022.
             Succumbed to a scorpion's poison
             ... on level 5 of the Dungeon.
             The game lasted 00:02:34 (1776 turns).

Sanktem7 the Covered (Minotaur Fighter)             Turns: 1776, Time: 00:02:35

Health: 0/40       AC:  7    Str: 22    XL:     4   Next: 5%
Magic:  3/3        EV:  9    Int:  5    God:
Gold:   92         SH:  4    Dex: 10    Spells: 3/3 levels left

rFire   . . .      SeeInvis .   a - +0 long sword
rCold   . . .      Faith    .   c - +0 buckler
rNeg    . . .      Spirit   .   b - +0 scale mail
rPois   .          Reflect  .   (helmet restricted)
rElec   .          Harm     .   (no cloak)
rCorr   .          Rampage  .   (no gloves)
Will    .....                   (no boots)
Stlth   ..........              (no amulet)
HPRegen 0.13/turn               (no ring)
MPRegen 0.08/turn               (no ring)

@: lethally poisoned (0 -> -13)
A: horns 2, retaliatory headbutt
a: no special abilities


You were on level 5 of the Dungeon.
You visited 1 branch of the dungeon, and saw 5 of its levels.

You collected 92 gold pieces.

Inventory:

Hand Weapons
 a - a +0 long sword (weapon)
Armour
 b - a +0 scale mail (worn)
 c - a +0 buckler (worn)
Scrolls
 e - a scroll of enchant weapon {unknown}
 h - 2 scrolls of identify {unknown}
 j - a scroll of torment {unknown}
Potions
 d - a potion of might
 f - 2 potions of flight {unknown}
 g - 2 potions of resistance {unknown}
 i - a potion of curing {unknown}


   Skills:
 + Level 4.2 Fighting
 + Level 3.1 Long Blades
 + Level 4.4 Armour
 + Level 0.1 Dodging
 * Level 0.8 Stealth
 + Level 4.1 Shields


You had 3 spell levels left.
You didn't know any spells.
Your spell library contained the following spells:

 Spells                   Type           Power      Damage    Failure   Level
 Scorch                   Fire           0%         2d5       95%         2
 Flame Wave               Conj/Fire      0%         2d4       100%        4
 Summon Cactus Giant      Summ           0%         N/A       100%        6


Dungeon Overview and Level Annotations

Branches:
Dungeon (6/15)
 Temple: D:4-7

Altars:


Innate Abilities, Weirdness & Mutations

You have a pair of horns on your head.
You reflexively headbutt those who attack you in melee.


Message History

You have reached level 4!
You feel agile.
You feel sick.
You feel sick.
You are no longer poisoned.
HP restored.
Found 6 poisoned darts.
Unknown command.
A scorpion comes into view.
A scorpion is nearby!
You barely miss the scorpion. Your headbutt misses the scorpion.
The scorpion stings you.
You are poisoned.
The scorpion poisons you! The scorpion barely misses you.
You closely miss the scorpion. Your headbutt misses the scorpion.
You feel very sick. The scorpion barely misses you.
You hit the scorpion but do no damage.
You feel sick. The scorpion stings you. x2
You are more poisoned.
The scorpion poisons you!
You hit the scorpion but do no damage.
You headbutt the scorpion, but do no damage.
You feel very sick. The scorpion stings you.
You are lethally poisoned!
The scorpion poisons you!
You barely miss the scorpion.
* * * LOW HITPOINT WARNING * * *
You feel very sick. The scorpion closely misses you.
The scorpion stings you but does no damage.
You slash the scorpion!
You headbutt the scorpion, but do no damage.
The scorpion is heavily wounded.
* * * LOW HITPOINT WARNING * * *
You feel very sick. The scorpion barely misses you.
You hit the scorpion but do no damage.
The scorpion is heavily wounded.
You die...

## .# #. (# #.## #.s#
#####@## #....#..##
##.........############
#......................#
#................#######
#................#
#...............##
..............##
##...........#


You could see a scorpion.

Vanquished Creatures
  2 adders (D:5)
  A dart slug (D:1)
  2 ball pythons
  3 bats
  6 endoplasms (D:1)
  2 giant cockroaches (D:1)
  7 goblins
  6 hobgoblins
  3 jackals (D:1)
  2 quokkas
  2 frilled lizards (D:1)
  5 kobolds (D:1)
  3 rats (D:1)
44 creatures vanquished.

Notes
Turn   | Place    | Note
-------+----------+-------------------------------------------
     0 | D:1      | Sanktem7 the Minotaur Fighter began the quest for the Orb.
     0 | D:1      | Reached XP level 1. HP: 19/19 MP: 0/0
   134 | D:1      | Found a faded altar of an unknown god.
   140 | D:1      | Reached XP level 2. HP: 24/25 MP: 1/1
   554 | D:1      | Reached XP level 3. HP: 26/29 MP: 2/2
  1656 | D:3      | You fall into a shaft and drop 3 floors!
  1658 | D:6      | Noticed a gnoll sergeant
  1661 | D:5      | Entered Level 5 of the Dungeon
  1682 | D:5      | Reached XP level 4. HP: 34/40 MP: 3/3
  1767 | D:5      | Noticed a scorpion
  1776 | D:5      | Succumbed to a scorpion's poison

Illustrated notes

Levels and vault maps discovered:
D:1:      dpeg_arrival_simpleton_c, layout_loops_ring,
          hellmonk_ecumenical_altar_run_dry, glass_columns_c,
          minmay_misc_feat_roman
D:2:      layout_loops_cross
D:3:      layout_basic, portal_sewer_entry_d
D:5:      layout_cave_pods, lemuel_blue_sif_altar,
          ebering_dispersal_statue_hall, kennysheep_nondescript
D:6:      layout_cave_pools, minmay_door_square, minmay_misc_feat_tiny

Skill      XL: |  1  2  3 |
---------------+----------+-----
Armour         | 4 |  4.4
Shields        | 4 |  4.1
Fighting       | 4 |  4.2
Long Blades    | 3 |  3.1
Dodging        | |  0.1
Stealth        | |  0.8

Action                   |  1- 3 |  4- 6 || total
-------------------------+-------+-------++-------
Melee: Long sword        |    90 |     7 ||    97
       Headbutt          |     5 |     2 ||     7
Armor: Scale mail        |    42 |     1 ||    43
Dodge: Dodged            |    39 |     4 ||    43
Block: Buckler           |    21 |       ||    21
